 Dungeon Crawl Stone Soup version 0.15-a0-187-g0bb430c (webtiles) character file.

419 Jon2 the Chopper (level 5, 47/47 HPs)
             Began as a Minotaur Fighter on Apr 21, 2014.
             Quit the game on Level 3 of the Dungeon.
             The game lasted 00:05:58 (2092 turns).

Jon2 the Chopper (Minotaur Fighter)                 Turns: 2092, Time: 00:05:58

HP  47/47        AC 10     Str 21      XL: 5   Next: 83%
MP   2/2         EV  6     Int  6      God:
Gold 175         SH 19     Dex 10      Spells:  0 memorised,  4 levels left

rFire  . . .     SeeInvis .     a - +0 war axe
rCold  . . .     Clarity  .     b - +0 scale mail
rNeg   . . .     Conserve .     c - +0 shield
rPois  .         rCorr    .     (helmet restricted)
rElec  .         rRot     .     (no cloak)
SustAb . .       Spirit   .     (no gloves)
rMut   .         Warding  .     n - +2 pair of boots
Saprov . . .     Stasis   .     (no amulet)
MR     .....                    (no ring)
                                u - +1 ring of strength

@: not resistant to hostile enchantments, extremely unstealthy
A: retaliatory headbutt, horns 2
a: no special abilities


You were on level 3 of the Dungeon.
You were not hungry.

You visited 1 branch of the dungeon, and saw 3 of its levels.

You collected 175 gold pieces.

Inventory:

Hand weapons
 a - a +0,+0 war axe (weapon)
Armour
 b - a +0 scale mail (worn)
 c - a +0 shield (worn)
 n - a +2 pair of boots (worn)
Comestibles
 d - 2 bread rations
 p - a cheese
 t - an apple
Scrolls
 g - 2 scrolls of enchant armour {unknown}
 h - 2 scrolls of identify {unknown}
 j - 3 scrolls of remove curse {unknown}
 l - a scroll of enchant weapon I {unknown}
 m - 4 scrolls of teleportation {unknown}
 o - 3 scrolls of fog {unknown}
 q - a scroll of immolation {unknown}
 s - a scroll of random uselessness {unknown}
Jewellery
 u - a +1 ring of strength (left hand)
Potions
 e - a potion of might
 f - 2 potions of heal wounds {unknown}
 i - a potion of agility {unknown}
 k - 2 potions of curing
 v - a potion of paralysis {unknown}
 w - a potion of berserk rage {unknown}
Books
 r - a book of Wizardry

   Spells                             Type                      Level
   Summon Elemental                   Summoning                    4
   Agony                              Necromancy                   5
   Force Lance                        Conjuration                  5
   Haste                              Charms                       6
   Invisibility                       Hexes                        6
   Spellforged Servitor               Conjuration/Summoning        7


   Skills:
 + Level 4.9 Fighting
 * Level 5.9 Axes
 + Level 4.7 Armour
 - Level 3.6 Shields


You had 4 spell levels left.
You didn't know any spells.

Dungeon Overview and Level Annotations

Branches:
Dungeon (3/15)

Altars:
Dithmenos
Fedhas
Xom


Innate Abilities, Weirdness & Mutations

You reflexively headbutt those who attack you in melee.
You have a pair of horns on your head.


Message History

You see here a giant mite corpse.
Your shield prevents you from hitting the orc priest.
You headbutt the orc priest.
The orc priest is moderately wounded.
The orc priest's eyes start to glow.
You slash the orc priest!
The orc priest is almost dead.
The orc priest's eyes start to glow.
You hit the orc priest.
You kill the orc priest!
Things that are here:
a hand axe; a giant mite corpse
There is an open door here.
There is an open door here.
There is a shadowy altar of Dithmenos here.
You can't go down here!
You kneel at the altar of Dithmenos.
Quiver which item? (- for none, * to show all) (? for menu, Esc to quit)
Okay, then.
Are you sure you want to abandon this character and quit the game? (Confirm with "yes".)

############# .............
.............. #####.####### ###
### ..............##@## ..
.....######## #...# .. .....#
####'#### .#####
.....########.#...#.#####.......
..........##_.'.8.'._##.........
...........##.#...#.##...........
#######.....####'####...######...
#######......##...##.............
........>.....##.##..............


There were no monsters in sight!

Vanquished Creatures
  An orc wizard (D:3)
  An orc priest (D:3)
  4 gnolls (D:2)
  6 adders
  A worm (D:2)
  A giant mite (D:3)
  2 giant geckos
  An ooze (D:1)
  5 orcs (D:3)
  5 bats
  4 giant cockroaches
  10 hobgoblins
  5 jackals (D:1)
  A quokka (D:3)
  3 giant newts (D:1)
  7 goblins
  11 kobolds
  10 rats
78 creatures vanquished.

Notes
Turn   | Place    | Note
--------------------------------------------------------------
     0 | D:1      | Jon2, the Minotaur Fighter, began the quest for the Orb.
     0 | D:1      | Reached XP level 1. HP: 19/19 MP: 1/1
   273 | D:1      | Reached XP level 2. HP: 27/27 MP: 1/1
   519 | D:1      | Reached skill level 4 in Armour
   780 | D:1      | Reached XP level 3. HP: 33/33 MP: 2/2
   997 | D:2      | Reached XP level 4. HP: 32/40 MP: 2/2
  1454 | D:2      | Reached skill level 5 in Axes
  1487 | D:2      | Reached XP level 5. HP: 42/47 MP: 2/2
  2022 | D:3      | Found a blossoming altar of Fedhas.
  2028 | D:3      | Found a shadowy altar of Dithmenos.
  2031 | D:3      | Found a shimmering altar of Xom.
  2092 | D:3      | Quit the game

Action                   |  1- 3 |  4- 6 || total
-------------------------+-------+-------++-------
Melee: War axe           |    97 |    87 ||   184
  Use: Potion            |       |     1 ||     1
 Stab: Distracted        |     1 |       ||     1
